Map: 匹昂台地

Players

asimo - Winner!

  • Race: Zerg Zerg
  • League: Silver

shengy

  • Race: Zerg Zerg
  • League: Gold

VOD

Have the link to the VOD?

Description

Time

  • Played on: Dec. 5, 2015, 11:14 p.m.
  • Length: 11:18
Show
View Real Time Build Order
Export as new Build Order

asimo Zerg - Winner!

Build Orders: Hatch First 

Get SALT Encoding   

  12  0:01  Drone  
  13  0:08  Drone  
  14  0:19  Overlord  
  14  0:25  Drone, Extractor  
  15  0:47  Hatchery  
  14  1:02  Spawning Pool  
  13  1:04  Extractor  
  13  1:06  Drone  
  13  1:11  Drone  
  14  1:15  Drone  
  15  1:20  Drone  
  16  1:30  Overlord  
  16  1:39  Drone  
  17  1:48  Queen  
  17  1:50  Zergling x2  
  20  1:59  Drone  
  20  2:01  Drone  
  22  2:05  Metabolic Boost  
  22  2:12  Drone x2  
  24  2:20  Zergling x2  
  25  2:28  Overlord  
  25  2:36  Queen  
  27  2:48  Zergling x8  
  31  2:53  Drone x2  
  31  2:57  Drone  
  31  2:58  Drone  
  35  3:07  Zergling x2  
  35  3:08  Zergling x4  
  38  3:22  Overlord  
  38  3:30  Drone  
  38  3:31  Drone x2  
  41  3:35  Overlord  
  41  3:42  Zergling x2  
  42  3:55  Zergling x6  
  43  3:56  Zergling x4  
  43  3:57  Queen  
  47  4:11  Roach Warren  
  46  4:27  Lair  
  46  4:29  Drone  
  46  4:30  Extractor, Drone x5  
  51  4:40  Drone x3  
  51  4:41  Overlord  
  54  5:00  Evolution Chamber  
  54  5:02  Drone x5  
  54  5:24  Roach x5  
  54  5:25  Glial Reconstitution  
  54  5:27  Zerg Missile Weapons Level 1  
  64  5:37  Roach x2  
  64  5:39  Overlord x3  
  68  5:51  Overlord  
  68  5:52  Evolution Chamber, Overlord  
  68  5:53  Hatchery  
  66  6:04  Overlord x2  
  66  6:07  Roach x2  
  66  6:10  Extractor, Drone x2  
  71  6:11  Extractor  
  71  6:14  Ravager x2  
  71  6:17  Ravager x2  
  74  6:22  Drone x2  
  76  6:34  Hydralisk Den  
  75  6:40  Ravager  
  76  6:47  Roach x3  
  76  6:50  Drone x4  
  72  7:14  Roach x7  
  72  7:15  Roach  
  77  7:21  Roach x2  
  81  7:25  Drone  
  81  7:27  Hydralisk x2  
  86  7:32  Zerg Melee Weapons Level 1  
  86  7:38  Drone x5  
  91  7:45  Hydralisk  
  91  7:50  Queen  
  91  7:51  Overlord x2  
  94  8:00  Zergling x6  
  94  8:05  Zergling x2  
  92  8:13  Zergling x8  
  96  8:31  Zergling x2  
  96  8:32  Zergling x14  
  84  8:39  Roach x3  
  86  8:50  Roach x6  
  86  8:52  Zerg Ground Armor Level 1  
  98  9:02  Roach x3  
  100  9:03  Roach  
  100  9:04  Roach x3  
  108  9:16  Roach  
  114  9:17  Roach x7  
  114  9:18  Roach  
  126  9:30  Roach x3  
  118  9:40  Roach x2  
  118  9:41  Roach x3  
  128  9:46  Roach  
  128  9:48  Muscular Augments  
  130  9:59  Roach x4  
  130  10:00  Roach  
  130  10:01  Overlord x4  
  112  10:07  Roach  
  100  10:15  Zergling x4  
  100  10:16  Zergling x10  
  100  10:19  Ravager x4  
  100  10:20  Ravager x2  
  113  10:23  Roach  
  110  10:30  Zergling x10  
  105  10:39  Zergling x6  
  108  10:47  Hydralisk x2  
Show
View Real Time Build Order
Export as new Build Order

shengy Zerg 

Build Orders: Hatch First 

Get SALT Encoding   

  12  0:04  Drone  
  13  0:12  Drone  
  14  0:17  Overlord  
  14  0:37  Drone x3  
  17  0:49  Drone  
  18  1:02  Hatchery  
  17  1:11  Spawning Pool  
  17  1:14  Drone  
  17  1:16  Drone  
  18  1:26  Drone  
  18  1:32  Drone  
  20  1:42  Overlord  
  20  1:52  Drone  
  21  1:59  Queen  
  23  2:04  Zergling x2  
  24  2:13  Queen  
  24  2:15  Drone  
  27  2:16  Zergling x2  
  28  2:26  Drone  
  28  2:42  Queen  
  30  2:49  Queen  
  32  2:55  Drone x3  
  32  2:56  Drone  
  36  2:58  Overlord  
  36  2:59  Overlord  
  36  3:12  Spine Crawler  
  36  3:16  Extractor  
  36  3:17  Extractor, Overlord x2  
  36  3:18  Zergling x4  
  36  3:19  Zergling x4  
  37  3:30  Evolution Chamber  
  37  3:33  Evolution Chamber  
  35  3:45  Roach Warren  
  35  3:47  Spine Crawler  
  28  4:00  Drone x3  
  30  4:08  Drone x4  
  30  4:09  Drone x2  
  36  4:14  Drone  
  37  4:22  Drone x2  
  39  4:30  Drone  
  40  4:33  Drone x3  
  40  4:34  Drone  
  44  4:48  Extractor  
  44  4:52  Hatchery  
  42  5:04  Drone x2  
  42  5:05  Drone x7  
  51  5:17  Queen  
  51  5:19  Roach x3  
  53  5:27  Extractor  
  52  5:30  Lair  
  52  5:40  Drone x2  
  52  5:41  Drone  
  55  5:45  Zerg Missile Weapons Level 1, Zerg Ground Armor Level 1  
  55  5:50  Baneling Nest  
  54  5:58  Drone  
  54  5:59  Drone  
  56  6:12  Zergling x10  
  56  6:14  Overlord  
  56  6:15  Overlord x3  
  61  6:20  Ravager x3  
  64  6:27  Roach  
  66  6:38  Overlord  
  66  6:44  Roach x2  
  66  6:45  Roach x6  
  82  6:51  Baneling x4  
  82  6:55  Roach x2  
  82  7:29  Baneling x3  
  82  7:38  Glial Reconstitution  
  82  7:51  Overlord  
  82  7:52  Metabolic Boost, Zergling x2  
  82  7:56  Extractor  
  82  7:58  Hatchery  
  78  7:59  Spore Crawler  
  78  8:01  Extractor  
  70  8:08  Roach x3  
  70  8:09  Roach x7  
  70  8:10  Roach x8  
  70  8:11  Roach x4  
  95  8:34  Zerg Missile Weapons Level 2  
  95  8:38  Zerg Ground Armor Level 2  
  95  8:49  Overseer  
  95  8:53  Queen  
  97  9:00  Hydralisk Den  
  97  9:01  Drone x2  
  97  9:02  Drone x4, Infestation Pit  
  100  9:20  Zergling x12  
  102  9:42  Baneling x6  
  102  9:43  Baneling  
  102  9:48  Lair  
  102  10:05  Hatchery  
  101  10:12  Hydralisk x3  
  107  10:15  Overlord x2  
  107  10:16  Overlord  
  107  10:18  Drone  
  86  10:55  Hatchery  
Tags
 
Add a new tag
Caveats
  • Supply blocks, unpowered buildings, or Contaminate may cause inaccurate times.
  • Supply counts are checked every 10 seconds.